 Dungeon Crawl Stone Soup version 0.30-b1-2-g02819fbbbe (webtiles) character file.

Game seed: 8489342762429115086

1583113 LLlMATKO the Minotaur Barricade (level 27, 245/245 HPs)
             Began as a Minotaur Berserker on Dec 10, 2023.
             Was the Champion of Trog.
             Escaped with the Orb
             ... and 3 runes on Dec 26, 2023!
             The game lasted 01:46:51 (80065 turns).

LLlMATKO the Minotaur Barricade (MiBe)             Turns: 80065, Time: 01:46:52

Health: 245/245    AC: 45    Str: 42      XL:     27
Magic:  22/22      EV: 22    Int:  4      God:    Trog [******]
Gold:   9324       SH: 31    Dex: 11 (12) Spells: 26/26 levels left

rFire   + + +        x - +9 broad axe (heavy)
rCold   + + .        Z - +2 tower shield {rC+}
rNeg    + . .        S - +12 gold dragon scales
rPois   +            r - +0 hat of the Frog {rN+ Str+2 Dex+3}
rElec   +            K - scarf {repulsion}
rCorr   +            M - +1 pair of gloves
SInv    .            m - +1 pair of boots of Impatience {rF+++ Str+3 Dex-2 Stlth+}
Will    +++..        y - amulet of reflection Stlth
                     C - ring "Zedy" {rElec rCorr EV+5 Str+4}
HPRegen 0.60/turn    X - ring of willpower
MPRegen 0.18/turn

%: repel missiles, reflection
@: no status effects
A: horns 2, retaliatory headbutt, clumsy 1, deterioration 1, frail 1, screaming
1, heat vulnerability 1, inability to drink after injury 1
0: Orb of Zot
}: 3/15 runes: decaying, serpentine, silver
a: Renounce Religion, Berserk, Trog's Hand, Brothers in Arms


You escaped.
You worshipped Trog.
Trog was exalted by your worship.
You visited 11 branches of the dungeon, and saw 51 of its levels.
You visited the Abyss 2 times.
You also visited: Gauntlet and Ice Cave.

You collected 9774 gold pieces.
You spent 450 gold pieces at shops.

Inventory:

Hand Weapons
 x - a +9 heavy broad axe (weapon)
 B - a +4 antimagic broad axe
Missiles
 p - 12 atropa-tipped darts
 w - 73 poisoned darts (quivered)
 V - 11 silver javelins
Armour
 m - the +1 pair of boots of Impatience (worn) {rF+++ Str+3 Dex-2 Stlth+}
   (You found it on level 5 of the Lair of Beasts)

   Str:       It affects your strength (+3).
   Dex:       It affects your dexterity (-2).
   rF:        It renders you almost immune to fire.
   Stlth:     It makes you more stealthy.
 r - the +0 hat of the Frog (worn) {rN+ Str+2 Dex+3}
   (You found it in a Gauntlet)

   Str:       It affects your strength (+2).
   Dex:       It affects your dexterity (+3).
   rN:        It protects you from negative energy.
 K - a scarf of repulsion (worn)
 M - a +1 pair of gloves (worn)
 S - +12 gold dragon scales (worn)
 T - a +3 plate armour of willpower
 Z - a +2 tower shield of cold resistance (worn)
Jewellery
 j - the ring of Intercession {rC+ rCorr Str+6}
   (You found it on level 2 of the Depths)

   [ring of strength]

   Str:       It affects your strength (+6).
   rC:        It protects you from cold.
   rCorr:     It protects you from acid and corrosion.
 q - the ring "Qayjeck" {rElec Dex+6 SInv}
   (You took it off a deep elf death mage on level 3 of the Elven Halls)

   [ring of dexterity]

   Dex:       It affects your dexterity (+6).
   rElec:     It insulates you from electricity.
   SInv:      It lets you see invisible.
 y - an amulet of reflection (around neck)
 C - the ring "Zedy" (left hand) {rElec rCorr EV+5 Str+4}
   (You found it on level 4 of the Snake Pit)

   [ring of evasion]

   EV:        It affects your evasion (+5).
   Str:       It affects your strength (+4).
   rElec:     It insulates you from electricity.
   rCorr:     It protects you from acid and corrosion.
 G - a ring of flight
 J - a ring of ice
 L - a ring of see invisible
 O - the ring of the Duchess {Fire rN+++}
   (You found it on level 2 of the Elven Halls)

   [ring of fire]

   It enhances your fire magic.
   rF:        It protects you from fire.
   rC:        It makes you vulnerable to cold.
   rN:        It renders you almost immune to negative energy.
 Q - a ring of protection from fire
 U - a ring of ice
 X - a ring of willpower (right hand)
Wands
 a - a wand of light (42)
 i - a wand of mindburst (11)
 u - a wand of polymorph (24)
 A - a wand of flame (151)
 I - a wand of charming (58)
 P - a wand of roots (41)
 W - a wand of digging (13)
Scrolls
 d - 10 scrolls of immolation
 e - 41 scrolls of identify
 g - 5 scrolls of fear
 h - 23 scrolls of teleportation
 l - 10 scrolls of vulnerability
 o - 11 scrolls of noise
 t - 4 scrolls of enchant weapon
 z - a scroll of enchant armour
 E - 3 scrolls of poison
 R - 6 scrolls of blinking
 Y - 10 scrolls of fog
Potions
 f - 6 potions of flight
 k - 14 potions of ambrosia
 n - 10 potions of might
 s - 4 potions of haste
 v - 17 potions of heal wounds
 D - 25 potions of curing
 F - a potion of resistance
 H - 6 potions of cancellation
 N - 9 potions of invisibility


   Skills:
 O Level 27 Fighting
 O Level 27 Axes
 + Level 26.9 Armour
 + Level 25.0 Dodging
 O Level 27 Shields


You had 26 spell levels left.
You didn't know any spells.
Your spell library was empty.

Dungeon Overview and Level Annotations

Branches:
Dungeon (15/15)            Temple (0/1) D:4            Lair (5/5) D:11
  Swamp (4/4) Lair:3        Snake (4/4) Lair:3        Slime (0/5) Lair:4
    Orc (2/2) D:12            Elf (3/3) Orc:2        Vaults (5/5) D:13
  Crypt (3/3) Vaults:3       Tomb (0/3) Crypt:3      Depths (4/4) D:15
   Hell (visited)             Dis (0/7) Hell            Geh (0/7) Hell
    Coc (0/7) Hell            Tar (0/7) Hell            Zot (5/5) Depths:4
  IceCv (visited)         Gauntlet (visited)

Altars:
Ashenzari
Dithmenos
Fedhas
Gozag
Kikubaaqudgha
Makhleb
Nemelex Xobeh
Okawaru
Qazlal
Sif Muna
Uskayaw
Vehumet
Wu Jian
Xom
Yredelemnul
Jiyva

Shops:
D:6 =   Orc:1 [   Orc:2 =*:*(   Snake:3 (   Vaults:4 [   Depths:3 (!?

Portals:
Hell: Lair:5 Depths:1 Depths:2 Depths:3 Depths:4
Abyss: Depths:3
Pandemonium: Orc:2 Depths:2
Ziggurat: Depths:2


Innate Abilities, Weirdness & Mutations

You have a pair of horns on your head.
You reflexively headbutt those who attack you in melee.
You are clumsy. (Dex -2)
Your body sometimes deteriorates upon taking damage.
You are frail. (-10% HP)
You occasionally shout uncontrollably at your foes.
You are vulnerable to heat. (rF-)
You occasionally lose the ability to drink potions when taking damage.


Message History

Your extra speed is starting to run out.
You feel yourself slow down.
There is an open door here.
There is an open door here.
There is an open door here.
There is a staircase leading out of the dungeon here.
As you read the scroll of summoning, it crumbles to dust.
Wisps of shadow whirl around you...
You can't see any enemies this would affect, really read the scroll of fear? [Y]es or [N]o only, please.
You can't see any enemies this would affect, really read the scroll of fear?
Okay, then.
You can't see any enemies this would affect, really read the scroll of fear?
As you read the scroll of fear, it crumbles to dust.
You assume a fearsome visage.
Nothing appears to happen.
Really read the scroll of noise? [Y]es or [N]o only, please.
Really read the scroll of noise? [Y]es or [N]o only, please.
Really read the scroll of noise?
As you read the scroll of noise, it crumbles to dust.
You hear a loud clanging noise!
Really read the scroll of noise?
As you read the scroll of noise, it crumbles to dust.
You hear a loud clanging noise!
Really read the scroll of noise?
As you read the scroll of noise, it crumbles to dust.
You hear a loud clanging noise!
Your hobgoblin dissolves into shadows!
Your goblin dissolves into shadows!
Your giant cockroach waves its antennae.
Your giant cockroach dissolves into shadows!
Your giant cockroach dissolves into shadows!
HP restored.
Done exploring.
As you read the scroll of fog, it crumbles to dust.
The scroll dissolves into smoke.
As you read the scroll of fog, it crumbles to dust.
The scroll dissolves into smoke.
You have escaped!

#..........
#.######### ##.##
#...# ##.## #.# ###
#### ♣♣♣♣♣
##@§#######...♣♣♣
#§§§§'..........♣♣♣
#§§§§#.............
##..#######........
#'##8.............
#..#....P.........
#..#.P...P..#..#..
#..#8.P.....#..#..
#..#.P.P.P..#..#..


There were no monsters in sight!

Vanquished Creatures
  5 dread liches
  3 orbs of fire
  6 ancient liches
  A juggernaut (Depths:2)
  Sojobo (Crypt:2)
  3 Killer Klowns (Zot:5)
  Parghit (Zot:2)
  2 curse toes
  Geryon (Hell)
  10 golden dragons
  A profane servitor (Abyss:2)
  4 bone dragons
  3 doom hounds (Zot:2)
  A Brimstone Fiend (Zot:4)
  2 hellephants (Depths:3)
  Rupert (Lair:4)
  5 electric golems (Zot:5)
  A tainted leviathan (Hell)
  Jorgrun (D:13)
  28 Orb Guardians
  19 tentacled monstrosities
  2 walking crystal tomes (Depths:2)
  5 liches
  An Ice Fiend (D:2)
  Zenata (Elf:2)
  A deep elf blademaster (Elf:3)
  8 quicksilver dragons
  5 titans
  A walking frostbound tome (Depths:2)
  Grunn (Zot:2)
  2 deep elf master archers (Elf:3)
  A walking divine tome (Depths:2)
  An acid blob (Elf:3)
  6 sphinxes
  6 ancient champions
  13 death cobs
  5 shadow dragons
  A thorn hunter (Swamp:2)
  Kirke (Lair:3)
  15 storm dragons
  Roxanne (Swamp:1)
  2 Executioners
  A revenant (Vaults:3)
  5 nagarajas (Snake:4)
  2 azure jellies (Elf:3)
  6 draconian monks
  2 tentacled starspawn (Abyss:2)
  11 tengu reavers
  3 fenstrider witches
  Donald (Swamp:1)
  4 draconian knights
  9 deep elf sorcerers
  8 fire giants
  12 vault wardens
  5 draconian scorchers
  3 ghost moths
  2 iron dragons
  Louise (Depths:3)
  4 ghouls
  A balrug (Depths:1)
  Aizul (Snake:2)
  6 frost giants
  3 curse skulls
  3 orc warlords
  8 draconian stormcallers
  13 very ugly things
  23 ironbound preservers
  A spriggan defender (Depths:2)
  4 reapers
  2 quicksilver oozes (Elf:3)
  A cacodemon (D:2)
  20 stone giants
  3 war gargoyles (Vaults:5)
  7 deep elf elementalists (Elf:3)
  2 draconian annihilators
  2 juggernaut zombies
  6 ironbound thunderhulks
  3 caustic shrike skeletons (Depths:2)
  2 juggernaut skeletons
  3 putrid mouths (Hell)
  3 eleionomae
  13 vampire knights
  6 deep elf demonologists (Elf:3)
  7 green draconians
  3 demonspawn black suns (Zot:2)
  11 dire elephants
  6 white draconians
  6 black draconians
  15 red draconians
  9 deep elf annihilators
  10 purple draconians
  A minotaur (Gauntlet)
  A bunyip (Swamp:2)
  7 spark wasps
  3 eidola (Crypt:3)
  10 deep elf death magi
  A green death (Depths:2)
  5 yellow draconians
  3 blizzard demons
  2 merfolk javelineers (Depths:2)
  5 ettins
  4 deep elf high priests
  Josephine (D:13)
  10 fire dragons
  A merfolk impaler (Depths:2)
  10 great orbs of eyes
  10 jiangshi
  2 entropy weavers
  29 vault guards
  A shambling mangrove (Swamp:4)
  22 yaktaur captains
  11 ice dragons
  4 salamander tyrants
  3 catoblepae
  26 hydras
  10 ironbound frosthearts
  5 rakshasas
  A peacekeeper (Vaults:2)
  4 spriggan air magi
  A demonspawn (Orc:2)
  2 spriggan skeletons
  4 ghost crabs
  19 centaur warriors
  3 ogre magi
  10 anacondas
  4 alligators
  4 death knights
  An azure jelly zombie (Crypt:3)
  4 boulder beetles
  25 dancing weapons
  15 tengu warriors
  11 vampire magi
  9 two-headed ogres
  14 naga warriors
  6 deep troll shamans
  22 hell hogs
  4 deep troll earth magi
  A titan zombie (Hell)
  4 thrashing horrors (Abyss:2)
  6 death yaks
  12 shock serpents
  6 orc high priests
  3 spriggan berserkers
  12 naga sharpshooters
  A titan skeleton (Hell)
  4 hell knights
  18 deep elf knights
  6 sun demons
  3 wretched stars (Abyss:2)
  5 goliath frogs
  7 soul eaters
  2 skysharks (Lair:5)
  7 glowing orange brains
  3 salamander mystics
  2 sixfirhies (D:2)
  4 shadow wraiths
  19 skeletal warriors
  3 iron trolls
  A fire crab (Depths:4)
  3 spriggan druids
  Lodul (D:13)
  A death drake (shapeshifter) (Elf:3)
  37 deep trolls
  A ghost moth zombie (Crypt:1)
  13 swamp dragons
  A shadow demon (Abyss:2)
  A golden dragon zombie (Depths:2)
  3 storm dragon skeletons
  6 bog bodies
  3 flayed ghosts
  2 naga ritualists (Snake:4)
  An anaconda zombie (Hell)
  An orb spider (Zot:5)
  2 shadow dragon zombies (Depths:2)
  16 wizards
  A harpy (Vaults:2)
  A tengu zombie (Depths:2)
  14 deep elf archers
  A golden dragon skeleton (Crypt:2)
  A goliath frog zombie (Crypt:2)
  23 ironbound convokers
  14 orc knights
  A bunyip skeleton (Crypt:3)
  2 spriggan simulacra (Depths:4)
  33 deep elf pyromancers
  9 lindwurms
  2 orange crystal statues
  24 phantasmal warriors
  33 ugly things
  10 necromancers
  6 mana vipers
  A human zombie (Vaults:3)
  30 deep elf zephyrmancers
  7 orc sorcerers
  A frost giant zombie (Depths:2)
  A shadow dragon skeleton (Hell)
  A stone giant skeleton (Crypt:1)
  2 fire giant zombies
  5 large abominations (Abyss:2)
  3 worldbinders
  6 will-o-the-wisps
  5 cyclopes
  A manticore (D:12)
  21 salamanders
  4 human skeletons
  8 guardian serpents
  3 torpor snails
  A centaur zombie (Hell)
  A water nymph (shapeshifter) (D:15)
  6 rust devils
  7 elephants (Lair:5)
  24 slime creatures
  15 moths of wrath
  A naga zombie (Hell)
  Joseph (D:10)
  13 naga magi
  19 vault sentinels
  22 black mambas
  2 molten gargoyles (Depths:4)
  5 smoke demons
  19 cane toads
  An elf skeleton (Vaults:3)
  A hellion (Hell)
  3 ice statues (IceCv)
  5 orange demons
  4 rime drakes
  7 kobold demonologists
  7 unseen horrors (Crypt:3)
  A komodo dragon (shapeshifter) (Depths:2)
  4 komodo dragons
  2 efreet
  A swamp worm zombie (Crypt:2)
  A tormentor (D:8)
  28 yaktaurs
  7 ice devils
  A black draconian skeleton (Crypt:1)
  7 freezing wraiths
  An ancient zyme (Abyss:2)
  5 tengu conjurers
  6 red devils
  A queen bee (D:13)
  3 meliai (D:13)
  3 hellwings
  A moth of wrath zombie (Crypt:3)
  5 trolls
  3 tarantellas (Zot:4)
  12 tyrant leeches
  A bloated husk (Swamp:4)
  17 hornets
  6 raiju
  2 ettin zombies (Vaults:3)
  14 blink frogs
  4 polar bears
  A tengu simulacrum (Depths:4)
  2 harpy skeletons (Hell)
  9 dream sheep
  A frost giant simulacrum (Vaults:3)
  10 air elementals
  3 jumping spiders
  3 ynoxinuls
  4 centaur simulacra
  2 ettin skeletons
  An alligator skeleton (Crypt:3)
  A flying skull (Crypt:3)
  12 wraiths
  A shadow (D:7)
  11 spriggans
  16 water elementals
  2 basilisks
  3 fire bats (Depths:4)
  27 fire elementals
  5 hogs (Lair:3)
  3 wyverns
  56 yaks
  A steam dragon (D:9)
  9 humans (D:13)
  A redback (shapeshifter) (Elf:2)
  4 wargs
  2 redbacks (Vaults:2)
  A chaos spawn (Abyss:2)
  A neqoxec (Abyss:2)
  2 harpy simulacra
  42 nagas
  23 swamp worms
  5 hell hounds
  A hydra simulacrum (IceCv)
  An acid dragon (D:10)
  A swamp worm (shapeshifter) (Vaults:5)
  3 glowing shapeshifter skeletons
  16 water moccasins
  Duvessa (D:7)
  2 floating eyes
  A sky beast (D:8)
  9 swamp drakes
  A floating eye (shapeshifter) (Vaults:5)
  42 orc warriors
  A black bear (D:8)
  A swamp dragon zombie (Hell)
  21 ogres
  2 boggarts (Depths:4)
  16 wolves
  A torpor snail zombie (Crypt:1)
  19 centaurs
  5 small abominations
  A dream sheep skeleton (Crypt:3)
  A komodo dragon zombie (Crypt:2)
  2 phantoms
  6 kobold brigands
  A gnoll sergeant (D:9)
  7 bullfrogs
  A human simulacrum (Vaults:3)
  6 earth elementals
  3 necrophages
  A salamander skeleton (Crypt:3)
  4 scorpions
  A cyclops skeleton (Crypt:2)
  6 wights
  An elephant simulacrum (IceCv)
  Dowan (D:7)
  37 killer bees
  7 howler monkeys
  A troll skeleton (Crypt:1)
  3 electric eels
  2 lava snakes (Depths:4)
  2 quasits (D:11)
  3 jellies
  A gnoll bouda (D:7)
  36 orc priests
  A hound (D:4)
  2 sleepcaps
  3 iguanas
  25 orc wizards
  4 hell rats (Lair:4)
  4 lightning spires (Depths:4)
  A wolf simulacrum (IceCv)
  A boggart simulacrum (D:13)
  13 adders
  14 gnolls
  2 howler monkey skeletons
  3 river rats (Lair:4)
  A white imp (D:12)
  2 ufetubi (D:6)
  A jelly zombie (Crypt:3)
  2 worms
  A dart slug (D:2)
  88 orcs
  12 ball pythons
  7 endoplasms
  11 giant cockroaches
  7 goblins
  9 hobgoblins
  15 jackals
  27 kobolds
  3 quokkas
  5 bats
  4 frilled lizards
  A frilled lizard skeleton (Crypt:3)
  2 gnoll skeletons
  A kobold zombie (Crypt:1)
  17 rats
  3 fire vortices (Hell)
  A lurking horror (Abyss:2)
2440 creatures vanquished.

Vanquished Creatures (collateral kills)
  The ghost of Sadicadict the Warrior, an adept GrFi of Okawaru (Elf:3)
  A quicksilver ooze (Elf:3)
  A red draconian (Depths:4)
  A sixfirhy (Lair:5)
  A bog body (Swamp:3)
  An orange demon (Lair:5)
  A red devil (Lair:5)
  A hellwing (Lair:5)
  2 slime creatures (Elf:3)
  2 hell hounds (Lair:5)
  2 cane toad simulacra (IceCv)
  A polar bear simulacrum (IceCv)
  3 wolf simulacra (IceCv)
18 creatures vanquished.

Vanquished Creatures (others)
  A nagaraja (Snake:4)
  A ghost moth (Zot:5)
  A white draconian (Zot:2)
  2 deep elf knights (Elf:1)
  A salamander mystic (Snake:3)
  2 deep elf pyromancers
  An efreet (D:15)
  2 bloated husks
  3 water elementals
  A human (D:13)
  A swamp drake (Swamp:4)
  An ogre (D:13)
  A small abomination (Depths:4)
  A ball lightning (Depths:4)
  A bush (Lair:3)
  A demonic plant (D:11)
  21 foxfires
  13 fungi
  A lurking horror (Abyss:2)
  33 plants
  4 starspawn tentacles (Abyss:2)
93 creatures vanquished.

Grand Total: 2551 creatures vanquished

Notes
Turn   | Place    | Note
-------+----------+-------------------------------------------
     0 | D:1      | LLlMATKO the Minotaur Berserker began the quest for the
                  | Orb.
     0 | D:1      | Reached XP level 1. HP: 19/19 MP: 0/0
    84 | D:1      | You fall into a shaft and drop 1 floor!
    95 | D:2      | Reached XP level 2. HP: 25/27 MP: 1/1
   144 | D:2      | Reached skill level 1 in Shields
   396 | D:1      | Reached XP level 3. HP: 24/33 MP: 2/2
   700 | D:1      | Reached ** piety under Trog
  1514 | D:2      | Reached XP level 4. HP: 39/40 MP: 3/3
  2196 | D:2      | Reached *** piety under Trog
  2443 | D:3      | Reached XP level 5. HP: 47/47 MP: 4/4
  2504 | D:3      | Found an opulent altar of Gozag.
  3033 | D:4      | Noticed an ogre
  3041 | D:4      | Killed an ogre
  3188 | D:4      | Reached XP level 6. HP: 55/55 MP: 5/5
  3246 | D:4      | Found a staircase to the Ecumenical Temple.
  3475 | D:4      | Reached skill level 5 in Fighting
  3747 | D:5      | Entered Level 5 of the Dungeon
  3759 | D:5      | Reached skill level 5 in Axes
  3829 | D:5      | Reached XP level 7. HP: 37/61 MP: 6/6
  4009 | D:5      | Reached **** piety under Trog
  4275 | D:5      | Reached skill level 5 in Armour
  5191 | D:6      | Found Alyt's Jewellery Shoppe.
  5265 | D:6      | Reached skill level 5 in Dodging
  5265 | D:6      | Reached XP level 8. HP: 61/70 MP: 7/7
  5338 | D:6      | Reached skill level 5 in Shields
  5559 | D:7      | Noticed Duvessa
  5559 | D:7      | Noticed Dowan
  5565 | D:7      | Killed Duvessa
  5568 | D:7      | Killed Dowan
  5864 | D:7      | Reached XP level 9. HP: 68/79 MP: 8/8
  6398 | D:8      | Noticed a boulder beetle
  6426 | D:8      | Killed a boulder beetle
  6560 | D:8      | Noticed a two-headed ogre
  6571 | D:8      | Killed a two-headed ogre
  6700 | D:8      | Reached XP level 10. HP: 90/90 MP: 9/9
  7023 | D:8      | Reached ***** piety under Trog
  7589 | D:9      | Noticed a two-headed ogre
  7600 | D:9      | Killed a two-headed ogre
  8075 | D:9      | Noticed an orange crystal statue
  8342 | D:9      | Reached XP level 11. HP: 99/99 MP: 10/10
  8436 | D:9      | Identified the +7 quarterstaff of Due Proportion {heavy,
                  | rCorr Str+3 Int-4 Dex+7}
  8784 | D:9      | Noticed a two-headed ogre
  8795 | D:9      | Killed an orange crystal statue
  8796 | D:9      | Reached skill level 10 in Fighting
  8796 | D:9      | Reached skill level 10 in Axes
  8843 | D:9      | Identified the +0 robe "Voquozob" {Will+}
  8897 | D:10     | Entered Level 10 of the Dungeon
  8898 | D:10     | Noticed a two-headed ogre
  8898 | D:10     | Noticed Joseph
  8899 | D:10     | Found a large runed translucent door.
  8905 | D:10     | Killed a two-headed ogre
  8916 | D:10     | Killed Joseph
  8948 | D:10     | Found a large runed translucent door.
  9338 | D:6      | Bought a ring of poison resistance for 240 gold pieces
  9549 | D:10     | Found a basalt altar of Yredelemnul.
  9554 | D:10     | Found a hide-covered altar of Uskayaw.
  9558 | D:10     | Found a stormy altar of Qazlal.
  9560 | D:10     | Found an ornate altar of the Wu Jian Council.
  9561 | D:10     | Found a shimmering altar of Xom.
 10025 | D:10     | Found an iron altar of Okawaru.
 10033 | D:10     | Found a broken altar of Ashenzari.
 10096 | D:11     | Reached skill level 10 in Armour
 10485 | D:11     | Found a sparkling altar of Nemelex Xobeh.
 10502 | D:11     | Received a gift from Trog
 10796 | D:11     | Reached skill level 10 in Shields
 10862 | D:11     | Found a staircase to the Lair.
 10907 | D:11     | Noticed a centaur warrior
 10922 | D:11     | Killed a centaur warrior
 11439 | Lair:1   | Entered Level 1 of the Lair of Beasts
 11577 | Lair:1   | Reached skill level 10 in Dodging
 11582 | Lair:1   | Reached XP level 12. HP: 97/110 MP: 11/11
 12011 | Lair:1   | Noticed a seven-headed hydra
 12025 | Lair:1   | Killed a 14-headed hydra
 12899 | Lair:2   | Found a gate leading to a gauntlet.
 12908 | Gauntlet | Entered a Gauntlet
 12908 | Gauntlet | Found a large runed translucent door.
 12908 | Gauntlet | Found a large runed translucent door.
 12908 | Gauntlet | Found a large runed translucent door.
 12908 | Gauntlet | Found a large runed translucent door.
 12908 | Gauntlet | Found a large runed translucent door.
 12908 | Gauntlet | Found a large runed translucent door.
 12908 | Gauntlet | Found a large runed translucent door.
 12908 | Gauntlet | Found a large runed translucent door.
 12908 | Gauntlet | Found a runed translucent door.
 12908 | Gauntlet | Found a runed translucent gate.
 12908 | Gauntlet | Found a transporter.
 12908 | Gauntlet | Found a transporter.
 12908 | Gauntlet | Found a runed translucent gate.
 12908 | Gauntlet | Found a transporter.
 12909 | Gauntlet | Found a transporter.
 12912 | Gauntlet | Found a transporter.
 12913 | Gauntlet | Found a runed translucent gate.
 12913 | Gauntlet | Found a runed translucent door.
 12917 | Gauntlet | Found a large runed translucent door.
 12917 | Gauntlet | Found a large runed translucent door.
 12919 | Gauntlet | Found a large runed translucent door.
 12920 | Gauntlet | Found a large runed translucent door.
 12922 | Gauntlet | Found a transporter.
 12930 | Gauntlet | Found a transporter.
 12930 | Gauntlet | Noticed a tengu warrior
 12950 | Gauntlet | Found a transporter.
 12951 | Gauntlet | Found a transporter.
 13004 | Gauntlet | Found a large runed translucent door.
 13004 | Gauntlet | Found a large runed translucent door.
 13005 | Gauntlet | Found a large runed translucent door.
 13006 | Gauntlet | Found a large runed translucent door.
 13010 | Gauntlet | Found a transporter.
 13020 | Gauntlet | Found a transporter.
 13045 | Gauntlet | Found a transporter.
 13137 | Gauntlet | Identified the +5 hand axe of the Candelabrum {flame, *Slow
                  | rF+ Int+3}
 13243 | Gauntlet | Killed a tengu warrior
 13252 | Gauntlet | Identified the +0 hat of the Frog {rN+ Str+2 Dex+3}
 13392 | Gauntlet | Noticed a minotaur
 13400 | Gauntlet | Killed a minotaur
 13554 | Gauntlet | Identified the +4 flail of Dullness {freeze, Will- Dex+6}
 14114 | Lair:2   | Reached XP level 13. HP: 119/119 MP: 12/12
 14425 | Lair:3   | Found a staircase to the Snake Pit.
 14890 | Lair:3   | Noticed Kirke
 14921 | Lair:3   | Killed Kirke
 15143 | Lair:3   | Received a gift from Trog
 15388 | Lair:3   | Found a staircase to the Swamp.
 15798 | D:12     | Found a radiant altar of Vehumet.
 15814 | D:12     | Found a frozen archway.
 15824 | IceCv    | Entered an ice cave
 16099 | IceCv    | Identified the staff of earth "Tawkil" {rPois rF++ rC+
                  | rCorr}
 16844 | D:12     | Found a staircase to the Orcish Mines.
 17641 | Lair:4   | Found a viscous altar of Jiyva.
 17641 | Lair:4   | Found a staircase to the Slime Pits.
 17822 | Lair:4   | Reached XP level 14. HP: 91/130 MP: 13/13
 17969 | Lair:4   | Noticed Rupert
 17986 | Lair:4   | Killed Rupert
 18273 | Lair:5   | Entered Level 5 of the Lair of Beasts
 18523 | Lair:5   | Found an opulent altar of Gozag.
 18589 | Lair:5   | Identified the +1 pair of boots of Impatience {rF+++ Str+3
                  | Dex-2 Stlth+}
 18953 | Lair:5   | Received a gift from Trog
 19420 | Lair:5   | Found a burning altar of Makhleb.
 19459 | Lair:5   | Found a gateway to Hell.
 19466 | Lair:5   | Identified the amulet "Naliymoj" {RegenMP Fragile rF+ rC+
                  | rN+}
 19902 | D:13     | Noticed Jorgrun
 19914 | D:13     | Killed Jorgrun
 19920 | D:13     | Noticed Lodul
 20111 | D:13     | Killed Lodul
 20389 | D:13     | Reached XP level 15. HP: 82/139 MP: 14/14
 20603 | D:13     | Found a gate to the Vaults.
 20727 | D:13     | Noticed Josephine
 20733 | D:13     | Killed Josephine
 20734 | D:13     | Reached skill level 15 in Fighting
 20734 | D:13     | Reached skill level 15 in Axes
 21637 | D:14     | Received a gift from Trog
 21942 | D:14     | Reached skill level 15 in Armour
 22137 | D:14     | Found an opulent altar of Gozag.
 22531 | D:14     | Identified 2 scrolls of acquirement
 22531 | D:14     | Acquired a manual of Shields
 22634 | D:14     | Acquired 1207 gold pieces
 22645 | D:15     | Entered Level 15 of the Dungeon
 22782 | D:15     | Reached skill level 15 in Shields
 23369 | D:15     | Found a stormy altar of Qazlal.
 23487 | D:15     | Found a staircase to the Depths.
 23735 | Orc:1    | Entered Level 1 of the Orcish Mines
 23933 | Orc:1    | Found Nibodyn's Antique Armour Shoppe.
 24189 | Orc:2    | Entered Level 2 of the Orcish Mines
 24191 | Orc:2    | Found Jagudu's Jewellery Shoppe.
 24196 | Orc:2    | Reached ****** piety under Trog
 25099 | Orc:2    | Found Xiuxtamp's General Store.
 25104 | Orc:2    | Found Hiptuwn's General Store.
 25305 | Orc:2    | Found a staircase to the Elven Halls.
 25347 | Orc:1    | Paralysed by an orc sorcerer for 3 turns
 25669 | Orc:2    | Reached XP level 16. HP: 151/151 MP: 15/15
 26126 | Orc:2    | Paralysed by an orc sorcerer for 3 turns
 26245 | Orc:2    | Found Zouc's Book Shop.
 26245 | Orc:2    | Found Nisuk's Antique Weapon Boutique.
 26245 | Orc:2    | Found a one-way gate leading to the halls of Pandemonium.
 26276 | Orc:2    | Found Hiptuwn's General Store.
 26279 | Orc:2    | Found Xiuxtamp's General Store.
 26296 | Orc:2    | Found a staircase to the Elven Halls.
 26485 | Orc:2    | Found Zouc's Book Shop.
 26485 | Orc:2    | Found Nisuk's Antique Weapon Boutique.
 26486 | Orc:2    | Found a one-way gate leading to the halls of Pandemonium.
 26603 | Orc:2    | Found Jagudu's Jewellery Shoppe.
 27046 | D:6      | Bought a ring of flight for 210 gold pieces
 27272 | Swamp:1  | Entered Level 1 of the Swamp
 27272 | Swamp:1  | Noticed Donald
 27284 | Swamp:1  | Killed Donald
 27284 | Swamp:1  | Received a gift from Trog
 27353 | Swamp:1  | Identified the +0 plate armour of the Illusory Artisans
                  | {Rampage rF- rN+ Stlth+}
 27524 | Swamp:1  | Noticed Roxanne
 27537 | Swamp:1  | Killed Roxanne
 27772 | Swamp:1  | Reached skill level 15 in Dodging
 28253 | Swamp:2  | Noticed a thorn hunter
 28262 | Swamp:2  | Killed a thorn hunter
 28978 | Swamp:3  | Identified the +5 hand axe "Beetlebane" {heavy, rN+ Str+3
                  | Int-5} (Trog gifted it to you on level 3 of the Swamp)
 28978 | Swamp:3  | Received a gift from Trog
 29546 | Swamp:4  | Entered Level 4 of the Swamp
 30342 | Swamp:4  | Reached XP level 17. HP: 148/161 MP: 16/16
 30386 | Swamp:4  | Received a gift from Trog
 30822 | Swamp:4  | Got a decaying rune of Zot
 32174 | Snake:1  | Entered Level 1 of the Snake Pit
 32402 | Snake:1  | Found a blossoming altar of Fedhas.
 33250 | Snake:2  | Noticed Aizul
 33264 | Snake:2  | Killed Aizul
 34721 | Snake:3  | Received a gift from Trog
 35306 | Snake:3  | Found Keis Toj's Weapon Shoppe.
 35562 | Snake:4  | Entered Level 4 of the Snake Pit
 35904 | Snake:4  | Received a gift from Trog
 36241 | Snake:4  | Reached XP level 18. HP: 172/172 MP: 17/17
 36529 | Snake:4  | Identified the ring "Zedy" {rElec rCorr EV+5 Str+4}
 36556 | Snake:4  | Found a shimmering blue altar of Sif Muna.
 37265 | Snake:4  | Received a gift from Trog
 37737 | Snake:4  | Got a serpentine rune of Zot
 38229 | Elf:1    | Entered Level 1 of the Elven Halls
 38296 | Elf:1    | Paralysed by an air elemental for 1 turns
 38359 | Elf:1    | Received a gift from Trog
 38370 | Abyss:2  | Cast into level 2 of the Abyss (a deep elf sorcerer)
 38581 | Elf:1    | Escaped the Abyss
 39175 | Elf:1    | Identified the staff of cold "Loeme" {Contam +Blink rC+
                  | Dex+3}
 39195 | Elf:1    | Paralysed by an air elemental for 1 turns
 39214 | Elf:1    | Paralysed by an air elemental for 1 turns
 39218 | Elf:1    | Paralysed by an air elemental for 1 turns
 39436 | Elf:1    | Identified the +0 chain mail of the Flute {Fly rCorr Str-3}
 39461 | Elf:1    | Identified the +1 chain mail of Dyf Cent {Dex+2}
 39607 | Elf:2    | Received a gift from Trog
 39862 | Vaults:1 | Entered Level 1 of the Vaults
 39877 | Abyss:2  | Cast into level 2 of the Abyss (a wizard)
 39903 | Abyss:2  | Found a corrupted altar of Lugonu.
 40004 | Abyss:2  | Noticed a profane servitor
 40031 | Abyss:2  | Killed a profane servitor
 40124 | Abyss:2  | Found a corrupted altar of Lugonu.
 40158 | Abyss:2  | Reached XP level 19. HP: 178/182 MP: 18/18
 40221 | Abyss:2  | Found a corrupted altar of Lugonu.
 40246 | Abyss:2  | Noticed a bone dragon
 40263 | Abyss:2  | Killed a bone dragon
 40278 | Vaults:1 | Escaped the Abyss
 40644 | Vaults:1 | Identified the +5 chain mail of the Swamp {rC+ rN+}
 41013 | Vaults:1 | Received a gift from Trog
 43016 | Vaults:2 | Received a gift from Trog
 43128 | Vaults:2 | Identified the +5 chain mail "Becsaim" {rF+ Will+}
 43993 | Vaults:2 | Reached XP level 20. HP: 164/193 MP: 19/19
 44004 | Vaults:2 | Received a gift from Trog
 44912 | Elf:2    | Identified the ring of the Duchess {Fire rN+++}
 44923 | Elf:2    | Found a runed translucent gate.
 44926 | Elf:2    | Found a runed translucent gate.
 44927 | Elf:2    | Found a runed translucent gate.
 44993 | Elf:2    | Noticed Zenata
 45011 | Elf:2    | Killed Zenata
 45346 | Elf:2    | Received a gift from Trog
 46410 | Elf:3    | Entered Level 3 of the Elven Halls
 46445 | Elf:3    | Found a runed translucent gate.
 46445 | Elf:3    | Found a runed translucent gate.
 46445 | Elf:3    | Found a runed translucent gate.
 46447 | Elf:3    | Noticed Sadicadict's ghost (adept GrFi)
 46450 | Elf:3    | Found a viscous altar of Jiyva.
 46495 | Elf:3    | Paralysed by an air elemental for 1 turns
 46590 | Elf:3    | Paralysed by an air elemental for 1 turns
 46614 | Elf:3    | Received a gift from Trog
 46720 | Elf:2    | Found an ancient bone altar of Kikubaaqudgha.
 46779 | Elf:3    | Identified the +5 sling of Desertification {antimagic, rC+
                  | SInv Stlth+}
 47409 | Elf:3    | Received a gift from Trog
 47517 | Elf:3    | Identified the +5 bardiche of Olidai {freeze, rPois rC+
                  | Stlth+}
 47517 | Elf:3    | Identified the ring "Rirghism" {rCorr MP+9}
 47517 | Elf:3    | Identified the +4 mace of the Magic Mushroom {flame, rElec
                  | rCorr Dex+2}
 47517 | Elf:3    | Identified the amulet "Ruaf" {Spirit rElec rCorr Dex+3}
 47575 | Elf:3    | Identified the +6 long sword of the Equator {venom, rC+
                  | Int+4}
 47575 | Elf:3    | Identified the ring "Qayjeck" {rElec Dex+6 SInv}
 47721 | Elf:3    | Identified the staff of air "Xirikhap" {+Blink rElec}
 48244 | Elf:3    | Identified the +5 short sword of the Candle {freeze, *Slow
                  | rCorr Str+6}
 48313 | Elf:3    | Identified the staff of poison "Tupli" {rPois rF- rC+ rN+
                  | rCorr}
 48422 | Elf:3    | Reached XP level 21. HP: 204/204 MP: 20/20
 48430 | Elf:3    | Killed Sadicadict's ghost
 49953 | Vaults:3 | Received a gift from Trog
 50563 | Vaults:3 | Found a staircase to the Crypt.
 51159 | Vaults:3 | Identified the +0 ring mail of the Ward {*Corrode Regen+
                  | SInv}
 51341 | Vaults:4 | Received a gift from Trog
 52057 | Vaults:4 | Found Halooshraz's Armour Boutique.
 52429 | Vaults:5 | Entered Level 5 of the Vaults
 52445 | Vaults:5 | Received a gift from Trog
 52551 | Vaults:5 | Noticed a golden dragon
 52560 | Vaults:5 | Killed a golden dragon
 52562 | Vaults:5 | Reached XP level 22. HP: 215/215 MP: 21/21
 52652 | Vaults:5 | Noticed a dread lich
 52669 | Vaults:5 | Killed a dread lich
 53103 | Vaults:5 | Noticed an ancient lich
 53111 | Vaults:5 | Killed an ancient lich
 53111 | Vaults:5 | Received a gift from Trog
 53156 | Vaults:5 | Got a silver rune of Zot
 53551 | Vaults:5 | Paralysed by a sphinx for 2 turns
 54055 | Vaults:5 | Noticed a golden dragon
 54062 | Vaults:5 | Killed a golden dragon
 56499 | Crypt:1  | Entered Level 1 of the Crypt
 56506 | Crypt:1  | Received a gift from Trog
 56792 | Crypt:1  | Identified the +6 chain mail "Zixahiud" {rN+ Regen+ rCorr}
 57609 | Crypt:2  | Identified the +2 double sword "Jellybane" {antimagic, rF+
                  | rC+ Will+ Int-5}
 57683 | Crypt:2  | Noticed Sojobo
 57693 | Crypt:2  | Killed Sojobo
 58292 | Crypt:3  | Entered Level 3 of the Crypt
 58455 | Crypt:3  | Received a gift from Trog
 58476 | Crypt:3  | Reached XP level 23. HP: 191/225 MP: 22/22
 58724 | Crypt:3  | Found a staircase to the Tomb.
 58813 | Crypt:3  | Found an ancient bone altar of Kikubaaqudgha.
 59479 | Crypt:3  | Noticed an ancient lich
 59603 | Crypt:3  | Found a staircase to the Tomb.
 59644 | Crypt:3  | Found an ancient bone altar of Kikubaaqudgha.
 59766 | Crypt:3  | Killed an ancient lich
 59837 | Crypt:3  | Noticed an ancient lich
 59889 | Crypt:3  | Killed an ancient lich
 59889 | Crypt:3  | Received a gift from Trog
 59897 | Crypt:3  | Identified the +5 war axe of Ruination {freeze, rF- rCorr
                  | Int+3}
 59901 | Crypt:3  | Identified the +9 double sword of Distant Worlds {heavy,
                  | Dex+2}
 60162 | Crypt:3  | Found an ancient bone altar of Kikubaaqudgha.
 60309 | Crypt:3  | Found a staircase to the Tomb.
 60897 | Depths:1 | Entered Level 1 of the Depths
 61098 | Depths:1 | Found a shadowy altar of Dithmenos.
 61459 | Depths:1 | Found an iron altar of Okawaru.
 62045 | Depths:2 | Received a gift from Trog
 62245 | Depths:2 | Found a one-way gateway to a ziggurat.
 62487 | Depths:2 | Paralysed by a floating eye for 3 turns
 62744 | Depths:2 | Identified the +1 leather armour of the Hidden Vale {Drain
                  | Int+3 Dex+3}
 62776 | Depths:2 | Received a gift from Trog
 62880 | Depths:2 | Identified the ring of Intercession {rC+ rCorr Str+6}
 62954 | Depths:2 | Reached XP level 24. HP: 176/222 MP: 22/22
 63238 | Depths:2 | Noticed a juggernaut
 63246 | Depths:2 | Killed a juggernaut
 64512 | Depths:2 | Found a one-way gateway to a ziggurat.
 65095 | Depths:3 | Received a gift from Trog
 65238 | Depths:3 | Identified the +9 hand axe of Ohups {venom, rN+}
 65277 | Depths:3 | Noticed Louise
 65298 | Depths:3 | You fall into a shaft and drop 1 floor!
 65298 | Depths:4 | Entered Level 4 of the Depths
 65299 | Depths:4 | Found a gate to the Realm of Zot.
 65975 | Depths:3 | Killed Louise
 65998 | Depths:3 | Found Nuablithav's Magic Scroll Boutique.
 66002 | Depths:3 | Found Huut's Distillery.
 66003 | Depths:3 | Found Yteivege's Antique Weapon Boutique.
 66020 | Depths:3 | Found a one-way gate to the infinite horrors of the Abyss.
 66458 | Depths:3 | Identified the +2 hand axe "Ruacwei" {flame, Fragile rC+
                  | SInv} (Trog gifted it to you on level 3 of the Depths)
 66458 | Depths:3 | Received a gift from Trog
 66574 | Depths:3 | Found Yteivege's Antique Weapon Boutique.
 66577 | Depths:3 | Found Huut's Distillery.
 66579 | Depths:3 | Found Nuablithav's Magic Scroll Boutique.
 67007 | Depths:3 | Found a one-way gate to the infinite horrors of the Abyss.
 67746 | Depths:4 | Paralysed by a floating eye for 3 turns
 67766 | Depths:4 | Found a hide-covered altar of Uskayaw.
 68292 | Depths:4 | Received a gift from Trog
 68438 | Depths:4 | Paralysed by an air elemental for 1 turns
 69021 | Hell     | Entered the Vestibule of Hell
 69021 | Hell     | Noticed Geryon
 69049 | Hell     | Reached XP level 25. HP: 247/247 MP: 22/22
 69055 | Hell     | Killed Geryon
 69524 | Hell     | Found a gateway to the ashen valley of Gehenna.
 69732 | Hell     | Received a gift from Trog
 69766 | Hell     | Found a gateway to the decaying netherworld of Tartarus.
 69862 | Hell     | Found a gateway to the freezing wastes of Cocytus.
 69971 | Hell     | Found a gateway to the Iron City of Dis.
 70273 | Zot:1    | Entered Level 1 of the Realm of Zot
 71619 | Zot:1    | Identified the +5 great mace of Suttimew {freeze, *Corrode
                  | rElec rF+ rN+}
 71944 | Zot:1    | Identified the +0 buckler of the Sun {Harm Dex+3}
 72764 | Zot:2    | Noticed an orb of fire
 72766 | Zot:2    | Gained mutation: You are vulnerable to heat. (rF-) [an orb
                  | of fire]
 72772 | Zot:2    | Gained mutation: Your body sometimes deteriorates upon
                  | taking damage. [an orb of fire]
 72773 | Zot:2    | Gained mutation: You are frail. (-10% HP) [an orb of fire]
 72775 | Zot:2    | Killed an orb of fire
 72776 | Zot:2    | Reached skill level 27 in Shields
 72785 | Zot:2    | Received a gift from Trog
 72865 | Zot:2    | Identified the +3 short sword of Ofeatam {flame, rElec
                  | Will+ Dex+4 Stlth-}
 72896 | Zot:2    | Noticed Grunn
 72911 | Zot:2    | Killed Grunn
 73250 | Zot:2    | You fall into a shaft and drop 2 floors!
 73962 | Zot:2    | Noticed Parghit
 73980 | Zot:2    | Killed Parghit
 74447 | Zot:3    | Reached XP level 26. HP: 207/234 MP: 22/22
 75711 | Zot:4    | Received a gift from Trog
 75917 | Zot:5    | Entered Level 5 of the Realm of Zot
 76517 | Zot:5    | Noticed an ancient lich
 76526 | Zot:5    | Killed an ancient lich
 76715 | Zot:5    | Identified the +2 dagger of Gozag's Castigation {flame,
                  | Dex+5}
 76734 | Zot:5    | Noticed a dread lich
 76746 | Zot:5    | Killed a dread lich
 76909 | Zot:5    | Noticed an ancient lich
 76918 | Zot:5    | Killed an ancient lich
 77278 | Zot:5    | Noticed an orb of fire
 77286 | Zot:5    | Noticed an ancient lich
 77288 | Zot:5    | Gained mutation: You are clumsy. (Dex -2) [an orb of fire]
 77292 | Zot:5    | Gained mutation: You occasionally shout uncontrollably at
                  | your foes. [an orb of fire]
 77295 | Zot:5    | Killed an orb of fire
 77299 | Zot:5    | Killed an ancient lich
 77427 | Zot:5    | Noticed a dread lich
 77427 | Zot:5    | Paralysed by a dread lich for 5 turns
 77441 | Zot:5    | Killed a dread lich
 77443 | Zot:5    | Lost intelligence.
 77483 | Zot:5    | Noticed a dread lich
 77488 | Zot:5    | Killed a dread lich
 77592 | Zot:5    | Noticed a dread lich
 77597 | Zot:5    | Paralysed by something for 5 turns
 77602 | Zot:5    | Killed a dread lich
 78090 | Zot:5    | Noticed an orb of fire
 78098 | Zot:5    | Killed an orb of fire
 79292 | Zot:5    | Got the Orb of Zot
 79601 | D:14     | Gained mutation: You occasionally lose the ability to drink
                  | potions when taking damage. [a cacodemon]
 79879 | D:2      | Reached XP level 27. HP: 243/243 MP: 22/22
 79884 | D:2      | Reached skill level 27 in Fighting
 79897 | D:2      | Reached skill level 27 in Axes
 80065 | D:$      | Escaped with the Orb!

Illustrated notes

Levels and vault maps discovered:
D:1:      sevenhm_arrival_forest_fort_large_4, layout_loops_corners
D:2:      minmay_razor_zed, layout_basic
D:3:      layout_basic, old_standard_altar
D:4:      layout_loops_ring, minmay_temple_entry_offerings, kennysheep_path_1,
          hangedman_glass_teeth
D:5:      layout_gridville
D:6:      layout_basic, serial_shops, shop, small_statue_intersection,
          ebering_dispersal_statue_hall
D:7:      layout_rooms, uniq_duvessa
D:8:      layout_rooms, kennysheep_generic_room_5
D:9:      layout_irregular_city, chequers_garden, minmay_protected_statue
D:10:     layout_small_grid, minitemple, jmf_multi_god_temple2, uniq_joseph
D:11:     layout_roguey, lair_entry_dummy, special_room [special_room_orc],
          serial_demonic, serial_demonic_g, serial_demonic_g, serial_demonic_a,
          serial_demonic_c, nemelex_lonely_heart_becter
D:12:     layout_loops_ring, david_orc_4, serial_ice, serial_ice_i,
          serial_ice_f, serial_ice_b, serial_ice_a,
          portal_ice_cave_entry_pillars_2, vehumet_crystals
D:13:     layout_basic, ximxim_vaults_locker_room, special_room
          [special_room_bee], uniq_jorgrun, uniq_josephine, uniq_lodul
D:14:     layout_grid_maze, grunt_gozag_breadcrumbs, bh_hangedman_babel_library
D:15:     gammafunk_enter_depths_forms, layout_loops_cross, grunt_qazlal_clouds
Lair:1:   layout_long_grid, grunt_megastairs_3, serial_bayou_shore_b,
          infiniplex_staircase_pool_2
Lair:2:   layout_chaotic_city, gauntlet_entry_generic
Lair:3:   layout_chaotic_city, palyth_hydra_swamp_entry,
          minmay_snake_entry_guardpost_small, grunt_megastairs_4, uniq_kirke
Lair:4:   layout_roguey, slime_entry_1, kennysheep_abandoned_house, uniq_rupert
Lair:5:   evil_forest, layout_cave_pods, basic_altar
Swamp:1:  layout_basic_swamp, evilmike_swamp_ruin_house_5,
          infiniplex_staircase_pool, uniq_donald, uniq_roxanne
Swamp:2:  layout_falls_marsh, evilmike_swamp_ruin_house_3, grunt_witch_cave
Swamp:3:  layout_basic_swamp, evilmike_swamp_ruin_rubble_2
Swamp:4:  swamp, layout_basic_swamp, hangedman_swamp_diagram
Snake:1:  layout_rooms, basic_altar, grunt_megastairs_1
Snake:2:  layout_honeycomb, uniq_aizul
Snake:3:  layout_gridlike, serial_shops, shop, serial_bayou_pond_e
Snake:4:  grunt_snake_rune_serpentine_throne, layout_chambers, basic_altar,
          statue_in_the_mist_lemuel
Orc:1:    layout_diamond_mine, serial_shops, nicolae_lakefront_shop
Orc:2:    pf_orc_diabolical, layout_caves, serial_shops,
          nicolae_shop_gaudy_bauble, nicolae_orc_flooded_monolith
Elf:1:    minmay_elf_arrival_circle, layout_loops_cross, evilmike_minifort
Elf:2:    elven_hall_of_blades_hangedman_original
          [nicolae_blade_entry_antechamber], layout_onion_city,
          lemuel_upstairs_altar, lemuel_elevator, uniq_zenata
Elf:3:    minmay_elf_hall_quartered_circle, layout_loops_ring,
          gammafunk_ghost_ooze, grunt_ministairs_14
Vaults:1: vaults_dpeg_ring, nicolae_vaults_variable_pillar_hall,
          nicolae_vaults_security_offices_5, nicolae_vaults_trapezoid_3,
          ontoclasm_vaults_claustrophobia, vaults_room_fours,
          nicolae_vaults_spaceships, v_pattern_3,
          nicolae_vaults_little_squares_3, vaults_room_pool, v_misc_25,
          nicolae_vaults_trapezoid_3, ontoclasm_vaults_ligature,
          nicolae_vaults_closet_pinwheel_4, layout_vaults_omnicross
Vaults:2: nicolae_vaults_shrinking_rooms_1, vaults_room_stairs_pillars,
          nicolae_vaults_an_arrangement, hangedman_vaults_stream,
          nicolae_vaults_ninety_degrees, vaults_mumra_minichess,
          v_alt_pattern_5, nicolae_vaults_little_squares_4, v_rooms_1,
          nicolae_vaults_trapezoid_4, vaults_room_hallway,
          ontoclasm_vaults_ring_small, nicolae_vaults_house_1,
          ontoclasm_vaults_bender, nicolae_vaults_asterisk, layout_vaults_maze
Vaults:3: nicolae_vaults_frosty_reception, minmay_crypt_entry_simple_box,
          nicolae_vaults_puzzle_piece, nicolae_vaults_statue_guard,
          dpeg_vaults_monster_box, vaults_standard_mumra_lines,
          nicolae_vaults_octothorpe, nicolae_vaults_border_crossing,
          vaults_room_fancy_cross, nicolae_vaults_diamond_1,
          layout_vaults_chaotic_city
Vaults:4: v_misc_26, nicolae_vaults_diamond_2, nicolae_vaults_closet_pinwheel_4,
          hangedman_vaults_snaps, v_misc_17, v_misc_30,
          nicolae_vaults_lightning_bolt, v_misc_5, nicolae_vaults_house_1,
          nicolae_vaults_double_plus_1, layout_vaults_omnigrid, serial_shops,
          nicolae_shop_advertising_works [nicolae_subvault_shop_adworks]
Vaults:5
Crypt:1:  layout_basic
Crypt:2:  layout_chaotic_city, uniq_sojobo
Crypt:3:  david_glass_crypt, layout_chaotic_city, basic_altar,
          due_unseen_surprise, grunt_megastairs_5
Depths:1: layout_cave_shapes, grunt_dithmenos_smoke_and_mirrors, hellmouth_3,
          grunt_ministairs_12, okawaru_ov_weapons_minmay, serial_bayou_shore_a
Depths:2: kennysheep_large_vault, layout_cave_pools, enter_ziggurat_e,
          hell_entry, minmay_crystal_water, grunt_pan_entry_spiral,
          hangedman_abyss_or_decor_stagger
Depths:3: kennysheep_cluttered_fort, layout_long_grid, grunt_hell_horde,
          serial_shops, bzr_in_the_mist, nicolae_abyss_entry_one_way_or_another,
          serial_sigils_hangedman_gut, drop_trap, minmay_shop_star
Depths:4: evilmike_zot_entry_argh, layout_gridlike, nicolae_uskayaw_suspiria,
          serial_hangedman_research, hangedman_research_pyrotechnics,
          hangedman_research_quantum, hangedman_research_thanatology,
          hangedman_research_electronics, hangedman_research_convocations,
          hangedman_coc_ice_floe
Hell
Zot:1:    lemuel_firehouse, layout_cathedral_of_symmetry
Zot:2:    dreamdust_black_sun_cult, layout_concentric_octagons, uniq_grunn,
          uniq_parghit
Zot:3:    layout_gridlike
Zot:4:    layout_twisted_circle, hangedman_zot_wheel_spokes,
          hangedman_spider_trapstep
Zot:5:    layout_gridlike, hangedman_zot_decor_tridents, st_stairs_8,
          lemuel_golem_globe

Skill      XL: |  1  2  3  4  5  6  7  8  9 10 11 12 13 14 15 16 17 18 19 20 21 22 23 24 25 26 27 |
---------------+----------------------------------------------------------------------------------+-----
Shields        | 1 2 3 4 6 7 9 10 11 13 14 16 18 20 21 22 23 24 25 26 27 | 27.0
Fighting       | 4 5 6 7 8 9 11 12 13 14 16 17 18 19 20 21 22 23 24 25 26 27 | 27.0
Axes           | 4 5 6 7 8 9 11 12 13 14 16 17 18 19 20 21 22 23 24 25 26 27 | 27.0
Armour         | 3 4 5 6 8 9 10 12 13 14 15 16 18 19 20 21 22 23 24 25 26 | 26.9
Dodging        | 3 4 5 6 7 8 10 11 12 13 14 15 16 17 18 19 20 21 22 23 24 25 | 25.0

Action                     |  1- 3 |  4- 6 |  7- 9 | 10-12 | 13-15 | 16-18 | 19-21 | 22-24 | 25-27 || total
---------------------------+-------+-------+-------+-------+-------+-------+-------+-------+-------++-------
  Melee: Hand axe          |    86 |   170 |   260 |   721 |   785 |       |       |       |       ||  2022
         Headbutt          |    12 |    19 |    44 |   173 |   310 |   297 |   270 |   316 |   224 ||  1665
         Broad axe         |       |       |       |       |   552 |  1325 |  1070 |  1172 |   750 ||  4869
  Throw: Dart              |       |       |       |     9 |     4 |    13 |     2 |    17 |    15 ||    60
 Invoke: Berserk           |       |     1 |     4 |    16 |    17 |    11 |    15 |    14 |     8 ||    86
         Trog's Hand       |       |       |       |     5 |     5 |     3 |     3 |     2 |     2 ||    20
         Brothers in Arms  |       |       |       |       |     2 |       |     1 |     1 |       ||     4
  Evoke: Wand              |       |       |       |     1 |       |       |       |     3 |     5 ||     9
    Use: Scroll            |       |       |       |     7 |    25 |     4 |     2 |     6 |    25 ||    69
         Potion            |       |       |       |       |     2 |       |       |     1 |    11 ||    14
   Stab: Sleeping          |     1 |     1 |       |       |       |       |       |       |       ||     2
         Distracted        |       |       |       |       |       |       |       |     2 |       ||     2
 Armour: Animal skin       |    21 |    19 |       |       |       |       |       |       |       ||    40
         Scale mail        |       |    42 |       |       |       |       |       |       |       ||    42
         Ring mail         |       |     4 |       |       |       |       |       |       |       ||     4
         Chain mail        |       |     4 |    94 |    91 |       |       |       |       |       ||   189
         Plate armour      |       |       |       |   110 |   244 |   238 |   176 |   332 |    19 ||  1119
         Gold dragon scale |       |       |       |       |       |       |       |       |   262 ||   262
  Dodge: Dodged            |    51 |    84 |    83 |   180 |   218 |   329 |   338 |   612 |   509 ||  2404
         Repelled          |       |       |       |     1 |     7 |    31 |    11 |    22 |    22 ||    94
  Block: Buckler           |       |    19 |   111 |    93 |       |       |       |       |       ||   223
         Reflection        |       |       |       |    15 |    47 |   127 |   140 |    68 |    12 ||   409
         Kite shield       |       |       |       |   362 |   118 |       |       |       |       ||   480
         Tower shield      |       |       |       |       |   974 |  1341 |  1215 |  1585 |  1019 ||  6134
